Map: Thunderbird LE

Players

Astrea

  • Race: Protoss Protoss
  • Spawn Location: 5:00

TIME (Oliveira) - Winner!

  • Race: Terran Terran
  • Spawn Location: 11:00

VOD

Have the link to the VOD?

Description

Time

  • Played on: Sept. 7, 2019, 4:44 p.m.
  • Length: 27:24
Show
View Real Time Build Order
Export as new Build Order

Astrea Protoss 

Build Orders: 1 Gate Expand, Phoenix Opening, Colossus Rush 

Get SALT Encoding   

  12  0:00  Probe  
  13  0:12  Probe  
  14  0:16  Pylon  
  14  0:23  Probe  
  15  0:31  Probe  
  16  0:38  Gateway  
  16  0:39  Probe  
  16  0:45  Assimilator  
  17  0:51  Probe  
  18  1:03  Probe  
  19  1:15  Probe  
  20  1:22  Nexus  
  20  1:31  Cybernetics Core  
  20  1:34  Probe  
  21  1:41  Assimilator  
  21  1:47  Probe  
  22  1:49  Pylon  
  22  1:58  Probe, Adept  
  23  2:06  Probe  
  25  2:14  Probe  
  26  2:20  Stargate  
  27  2:25  Probe  
  27  2:27  Adept  
  29  2:31  Probe  
  29  2:32  Warp Gate  
  30  2:39  Probe x2  
  32  2:48  Probe  
  32  2:51  Probe  
  32  2:57  Adept  
  36  3:01  Probe  
  36  3:03  Probe, Phoenix  
  40  3:10  Pylon  
  40  3:13  Probe  
  40  3:16  Probe  
  40  3:19  Phoenix  
  42  3:25  Probe  
  43  3:30  Probe  
  43  3:34  Robotics Facility  
  46  3:37  Probe  
  47  3:42  Pylon, Probe  
  47  3:48  Phoenix  
  48  3:49  Probe, Assimilator  
  48  3:51  Assimilator  
  48  3:54  Probe  
  52  4:01  Probe  
  53  4:06  Probe  
  53  4:08  Phoenix  
  54  4:12  Pylon  
  54  4:13  Probe  
  54  4:16  Observer  
  57  4:18  Probe  
  59  4:25  Probe  
  59  4:30  Probe  
  61  4:34  Phoenix  
  61  4:36  Gateway x2  
  61  4:37  Observer, Probe  
  64  4:42  Probe  
  66  4:49  Probe  
  67  4:54  Probe  
  65  5:02  Probe, Nexus  
  65  5:03  Pylon  
  65  5:07  Probe  
  67  5:14  Probe  
  68  5:17  Observer  
  68  5:18  Observer, Robotics Bay  
  68  5:19  Probe  
  70  5:26  Probe  
  71  5:29  Pylon  
  71  5:31  Probe  
  72  5:38  Probe  
  72  5:39  Pylon  
  73  5:43  Probe  
  73  5:47  Observer  
  73  5:49  Forge  
  74  5:50  Forge, Probe  
  74  5:51  Twilight Council  
  74  5:55  Observer, Probe  
  74  5:56  Colossus  
  76  5:59  Sentry x2  
  76  6:02  Probe  
  81  6:07  Probe, Extended Thermal Lance  
  81  6:08  Protoss Ground Armor Level 1, Protoss Ground Weapons Level 1  
  81  6:10  Pylon  
  88  6:14  Probe  
  89  6:19  Probe x2  
  89  6:20  Charge  
  90  6:26  Probe  
  90  6:31  Probe x2  
  90  6:32  Nexus  
  93  6:38  Probe  
  94  6:43  Probe  
  94  6:44  Observer, Gateway  
  95  6:48  Colossus, Gateway  
  95  6:49  Probe  
  95  6:50  Probe  
  103  6:57  Pylon  
  103  6:58  Observer, Probe  
  103  7:00  Gateway  
  104  7:04  Probe  
  104  7:05  Gateway  
  104  7:08  Gateway, Probe, Pylon  
  106  7:12  Probe  
  107  7:16  Probe  
  107  7:20  Probe  
  108  7:25  Zealot x3  
  114  7:35  Colossus  
  114  7:37  Pylon  
  114  7:40  Pylon, Zealot  
  118  7:51  Stalker x4  
  118  7:55  Zealot  
  118  7:56  Protoss Ground Armor Level 2  
  128  8:01  Zealot x2  
  128  8:02  Protoss Ground Weapons Level 2  
  127  8:05  Zealot  
  117  8:13  Blink  
  117  8:14  Zealot x4  
  117  8:18  Probe x2  
  117  8:21  Stalker  
  117  8:22  Stalker x2  
  117  8:26  Observer  
  117  8:27  Warp Prism  
  117  8:31  Photon Cannon  
  119  8:35  Probe x2  
  119  8:37  Photon Cannon  
  119  8:39  Pylon, Zealot x5  
  131  8:54  Assimilator  
  131  8:55  Assimilator  
  131  8:56  Gravitic Drive, Robotics Facility  
  131  8:57  Zealot, Disruptor, Sentry  
  131  8:58  Zealot  
  131  9:00  Zealot x4  
  131  9:02  Zealot  
  150  9:15  Pylon  
  150  9:22  Zealot, Disruptor  
  150  9:23  Zealot x2  
  154  9:32  Observer  
  157  9:38  Shield Battery  
  157  9:39  Shield Battery  
  157  9:41  Zealot x3  
  157  9:44  Pylon  
  163  9:46  Pylon x2  
  163  9:47  Pylon  
  163  9:48  Disruptor  
  164  10:02  Disruptor  
  164  10:06  Nexus  
  167  10:18  Zealot x8  
  179  10:23  Gateway  
  179  10:24  Disruptor  
  179  10:25  Gateway x2  
  179  10:27  Photon Cannon  
  182  10:28  Gateway  
  182  10:29  Shield Battery  
  179  10:44  Zealot x5  
  187  10:52  Pylon  
  187  10:54  Pylon  
  187  10:56  Pylon  
  187  10:58  Disruptor  
  174  11:04  Zealot x8  
  174  11:07  Disruptor  
  122  11:20  Protoss Ground Weapons Level 3, Zealot x3, Protoss Ground Armor Level 3  
  122  11:23  Zealot  
  115  11:25  Zealot x3  
  115  11:26  Zealot x5  
  115  11:27  Warp Prism  
  129  11:41  Templar Archives  
  129  11:43  Sentry  
  129  11:45  Nexus  
  129  11:46  Colossus  
  137  11:59  Pylon  
  137  12:00  Colossus, Sentry x2  
  141  12:03  Stalker x3  
  147  12:24  High Templar x3  
  147  12:25  Zealot x5, High Templar  
  147  12:26  Zealot x3  
  147  12:28  Archon  
  147  12:29  Archon  
  169  12:32  Probe x4  
  169  12:34  Observer  
  172  12:52  Gravitic Boosters  
  172  12:53  High Templar x4  
  172  12:56  Zealot x7  
  172  12:57  Zealot  
  172  12:58  Archon x2  
  196  13:11  Disruptor  
  199  13:16  Zealot  
  188  13:39  Stalker x6  
  189  13:49  Pylon  
  189  13:51  Pylon  
  189  13:54  Pylon  
  185  13:57  Colossus x2  
  163  14:05  Nexus  
  169  14:13  Nexus  
  168  14:25  Nexus  
  168  14:35  Zealot x12  
  188  14:46  Warp Prism  
  188  15:03  High Templar x5  
  188  15:05  High Templar  
  200  15:08  Archon x2  
  200  15:09  Archon  
  200  15:16  Assimilator x2  
  200  15:18  Pylon  
  200  15:19  Photon Cannon  
  200  15:21  Shield Battery  
  196  16:05  Zealot x2  
  196  16:08  Dark Shrine  
  196  16:09  Nexus  
  196  16:11  Assimilator x2  
  200  16:16  Disruptor  
  200  16:17  Disruptor  
  196  16:27  Probe  
  196  16:28  Probe x3  
  190  16:43  Disruptor  
  190  16:45  Zealot x12  
  159  16:53  Disruptor  
  150  17:05  Zealot x5  
  150  17:06  Zealot x3  
  160  17:12  Colossus  
  160  17:15  Stalker x4  
  149  17:35  Pylon, High Templar x4  
  149  17:36  Sentry  
  157  17:38  Zealot x2  
  157  17:39  Protoss Shields Level 1, Zealot  
  157  17:41  Archon x2  
  163  17:49  Stalker x4  
  171  18:04  Disruptor  
  172  18:05  Probe x2  
  172  18:10  Pylon  
  173  18:13  Disruptor  
  173  18:16  High Templar  
  173  18:17  Zealot x7, High Templar  
  197  18:21  Archon  
  189  18:42  Disruptor  
  192  18:49  Disruptor  
  193  18:56  Stalker x3  
  193  18:57  Stalker  
  196  19:03  Probe x4  
  198  19:14  Zealot  
  194  19:30  Shadow Stride  
  187  19:36  Disruptor, Nexus  
  190  19:43  Warp Prism  
  188  19:52  Observer  
  186  19:57  Stalker x4  
  196  20:12  Disruptor  
  190  20:30  Disruptor  
  159  21:18  Zealot x5  
  166  21:22  Nexus  
  134  21:44  Stalker x5  
  133  21:52  Probe  
  126  22:04  Probe  
  127  22:11  Dark Templar x2  
  131  22:15  Nexus  
  131  22:16  Probe  
  131  22:18  Colossus  
  131  22:19  Gateway  
  131  22:20  Gateway, Pylon  
  138  22:28  Probe  
  137  22:35  Zealot x3  
  141  22:45  Probe  
  141  22:47  Probe  
  143  22:57  Probe  
  144  23:08  Nexus  
  144  23:09  Zealot x3, Dark Templar  
  144  23:11  Probe x2  
  144  23:12  Colossus  
  154  23:18  Observer  
  160  23:32  Nexus  
  122  23:55  Colossus  
  122  23:58  Zealot x7  
  116  24:10  Probe x3  
  119  24:21  Probe  
  119  24:22  Probe x2  
  122  24:25  High Templar x3  
  122  24:26  Zealot x3, High Templar  
  134  24:31  Archon  
  134  24:32  Archon  
  134  24:34  Gateway  
  134  24:35  Gateway, Probe x4  
  134  24:38  Gateway  
  138  24:44  Nexus  
  138  24:47  Probe  
  138  24:55  Stalker x3  
  138  24:59  Stalker x4  
  139  25:21  Zealot x3  
  138  25:32  Zealot x4  
  138  25:33  Zealot x3  
  138  25:35  Disruptor  
  113  25:57  Stalker  
  113  25:58  Stalker x3  
  109  26:42  Nexus  
  109  26:44  Probe  
  110  26:52  Sentry  
Show
View Real Time Build Order
Export as new Build Order

TIME Terran - Winner!

Build Orders: Reaper Expand 

Get SALT Encoding   

  12  0:01  SCV  
  13  0:13  SCV  
  14  0:17  Supply Depot  
  14  0:25  SCV  
  15  0:38  SCV  
  15  0:41  Barracks  
  16  0:45  Refinery  
  16  0:50  SCV  
  17  1:02  SCV  
  18  1:15  SCV  
  19  1:28  Orbital Command, Reaper  
  20  1:44  Command Center  
  20  1:48  Supply Depot  
  20  1:55  SCV  
  20  2:00  Marine  
  22  2:07  SCV  
  23  2:08  Factory  
  23  2:13  Refinery  
  23  2:19  SCV  
  23  2:20  Bunker  
  24  2:23  Barracks Reactor  
  24  2:31  SCV  
  25  2:43  SCV  
  25  2:54  Starport  
  25  2:55  SCV  
  25  2:56  Orbital Command  
  26  3:03  Widow Mine  
  26  3:04  Widow Mine  
  30  3:05  Barracks Tech Lab  
  30  3:07  SCV  
  31  3:13  Supply Depot  
  31  3:19  SCV  
  32  3:22  SCV  
  32  3:25  Widow Mine x2  
  37  3:30  Medivac  
  37  3:31  SCV  
  40  3:34  SCV  
  40  3:36  Supply Depot  
  41  3:43  SCV  
  41  3:46  Widow Mine, SCV  
  41  3:47  Widow Mine  
  47  3:55  SCV  
  47  3:58  SCV  
  47  3:59  Command Center  
  49  4:04  Starport Tech Lab  
  49  4:08  SCV  
  50  4:14  Marine x2  
  50  4:16  Siege Tank, SCV  
  56  4:20  Supply Depot, SCV  
  56  4:22  Bunker  
  57  4:28  SCV  
  58  4:32  SCV  
  58  4:33  Barracks  
  58  4:34  Marine x2  
  61  4:45  Raven  
  63  4:46  SCV  
  63  4:52  Marine  
  65  4:57  SCV  
  65  4:58  SCV  
  65  4:59  Engineering Bay  
  61  5:00  Refinery, Marine, Engineering Bay  
  61  5:01  Refinery  
  61  5:02  Barracks  
  60  5:10  Marine  
  60  5:11  Siege Tank  
  60  5:12  Orbital Command  
  60  5:13  SCV  
  65  5:15  SCV  
  65  5:18  Marine  
  67  5:25  SCV  
  67  5:27  Barracks, Missile Turret  
  68  5:32  Orbital Command, Barracks  
  68  5:33  Terran Infantry Weapons Level 1  
  68  5:34  Marine  
  68  5:35  SCV  
  70  5:36  Stimpack  
  70  5:39  Marine  
  71  5:43  Starport Reactor  
  71  5:47  SCV  
  71  5:48  SCV  
  73  5:52  Supply Depot, Marine  
  73  5:55  Terran Infantry Armor Level 1, Factory Reactor  
  73  5:56  Missile Turret  
  74  5:59  SCV, Marine x2  
  74  6:00  Marine  
  78  6:04  Combat Shield  
  78  6:06  SCV x2  
  80  6:13  Marine  
  80  6:14  SCV  
  80  6:18  SCV x2  
  82  6:20  Marine x2  
  82  6:23  Barracks Reactor  
  82  6:24  Barracks Tech Lab  
  83  6:26  SCV, Missile Turret  
  83  6:27  Supply Depot  
  83  6:30  Marauder  
  83  6:31  SCV x2  
  88  6:33  Widow Mine x2  
  88  6:37  Supply Depot  
  88  6:38  Supply Depot  
  90  6:40  Medivac  
  90  6:41  Marine  
  93  6:48  Medivac  
  93  6:49  SCV x2  
  93  6:50  Supply Depot, Marauder  
  93  6:53  Marauder  
  101  6:58  Marine  
  101  6:59  Widow Mine, SCV  
  101  7:01  SCV x2  
  109  7:03  Widow Mine  
  109  7:04  Supply Depot  
  109  7:05  Marine x3  
  109  7:08  Concussive Shells  
  113  7:11  SCV  
  113  7:13  Refinery, Marine, SCV x2  
  113  7:14  Refinery, Marine  
  118  7:17  Medivac  
  118  7:18  Medivac  
  120  7:25  Widow Mine x2, Marine x2  
  120  7:26  Marauder  
  128  7:30  SCV  
  128  7:31  Armory  
  128  7:32  Marine x2  
  128  7:33  Supply Depot  
  131  7:39  Marine, SCV  
  131  7:40  Marauder  
  131  7:44  SCV  
  132  7:45  Starport  
  132  7:46  Supply Depot  
  132  7:49  Marine  
  133  7:54  Marauder, SCV, Marine  
  137  8:04  Marine  
  137  8:05  Marauder, Marine  
  128  8:14  Marine x2  
  128  8:15  Marauder  
  128  8:17  Viking x2  
  128  8:18  Terran Infantry Armor Level 2, Terran Infantry Weapons Level 2  
  128  8:19  Marine  
  128  8:22  Marine  
  128  8:23  SCV  
  128  8:27  Marauder  
  128  8:30  SCV  
  128  8:31  SCV  
  128  8:33  Terran Ship Weapons Level 1  
  130  8:34  Supply Depot  
  130  8:36  Command Center  
  130  8:38  Viking  
  130  8:39  Viking  
  134  8:43  Marauder x2  
  134  8:48  Marauder, Marine x2  
  141  8:52  Viking  
  141  8:55  Viking  
  146  8:57  Marine  
  147  9:02  Supply Depot x2  
  147  9:03  Marine  
  147  9:05  Marauder  
  147  9:08  Ghost Academy  
  150  9:10  Viking x2  
  150  9:14  Marauder  
  156  9:19  Supply Depot, Marine  
  156  9:20  Sensor Tower  
  156  9:24  SCV x3, Marine x2  
  162  9:32  Missile Turret  
  162  9:33  Supply Depot  
  162  9:34  Viking x2  
  168  9:40  Ghost x2  
  168  9:41  Ghost  
  168  9:43  Viking  
  174  9:49  Enhanced Shockwaves  
  174  9:53  Marine x4  
  174  9:59  Planetary Fortress  
  178  10:02  Refinery  
  178  10:04  Liberator  
  178  10:05  Viking  
  180  10:08  Refinery  
  180  10:09  Marine  
  180  10:10  Marauder x2  
  183  10:15  Marine x2  
  183  10:16  Marine  
  183  10:17  Marine  
  190  10:27  Marauder  
  192  10:28  Command Center  
  192  10:31  Marauder  
  192  10:32  Marauder  
  192  10:33  Marine  
  196  10:35  Marine  
  196  10:36  Marine  
  196  10:41  Marine  
  199  10:49  Marauder  
  196  10:51  Marine  
  196  10:54  Liberator x2  
  183  10:59  Marine  
  183  11:00  Marauder  
  183  11:01  Marauder  
  183  11:03  Liberator  
  180  11:09  Marine  
  180  11:10  Liberator, Marine  
  139  11:21  Marauder  
  139  11:23  Marine  
  145  11:28  Marine x2  
  145  11:29  Marauder  
  143  11:34  SCV x2  
  143  11:35  SCV  
  143  11:37  Terran Infantry Weapons Level 3, Liberator, Barracks  
  146  11:41  Marine, SCV  
  146  11:42  Liberator  
  146  11:43  Marauder  
  146  11:46  Marine x2  
  152  11:50  Marauder  
  152  11:51  Liberator  
  152  11:52  Missile Turret  
  152  11:53  Terran Infantry Armor Level 3  
  154  11:54  Terran Ship Weapons Level 2  
  154  11:59  Marine  
  161  12:01  SCV  
  161  12:04  Marauder, Marine x2  
  167  12:15  Planetary Fortress  
  167  12:16  SCV x2  
  167  12:17  Ghost, Liberator  
  167  12:18  Marine  
  167  12:22  SCV, Marine  
  169  12:23  Ghost, SCV  
  169  12:26  Barracks Reactor  
  169  12:28  SCV  
  173  12:35  Marine  
  173  12:36  Marine  
  178  12:42  SCV x2  
  178  12:43  Medivac x2  
  184  12:45  Refinery  
  184  12:46  Refinery  
  184  12:47  Marauder  
  184  12:49  Marine  
  186  12:53  Marauder, Marine  
  186  12:54  Marine  
  190  13:02  Marine x2  
  192  13:06  Marine  
  192  13:08  Marauder  
  192  13:09  Liberator  
  192  13:10  Liberator  
  192  13:11  Marauder  
  197  13:17  Marauder, Marine  
  200  13:25  Liberator  
  200  13:26  Liberator  
  197  13:33  Ghost x2  
  188  13:34  Marine  
  188  13:35  Marine  
  183  13:47  Marauder, Marine x2  
  179  13:58  Marine  
  179  14:01  Ghost  
  179  14:02  Ghost, Marine  
  155  14:04  Marine  
  155  14:05  Marine  
  155  14:09  Marauder  
  153  14:12  Terran Ship Weapons Level 3  
  153  14:15  Liberator  
  153  14:16  Liberator, Marine  
  154  14:19  Personal Cloaking  
  154  14:20  Marine  
  154  14:22  Medivac, Barracks x3, Marine  
  154  14:23  Marine  
  157  14:30  Marauder  
  157  14:31  Marauder, Command Center, Marine  
  161  14:34  Marine  
  169  14:39  Marine  
  169  14:40  Marine  
  163  14:49  Marauder  
  163  14:50  Marine  
  163  14:52  Marauder, Viking x2, Marine  
  167  14:54  Ghost  
  167  14:56  Marine  
  167  14:58  Marine  
  167  14:59  SCV  
  170  15:08  Marine  
  170  15:09  Marine  
  170  15:11  Marauder  
  170  15:14  Marauder, Marine  
  178  15:15  Barracks Tech Lab x2, Barracks Reactor, Viking  
  178  15:17  Viking, Marine  
  182  15:22  Viking  
  182  15:23  Marauder  
  182  15:24  Sensor Tower  
  185  15:29  SCV  
  185  15:31  Marine  
  185  15:32  Marauder  
  185  15:33  Viking  
  185  15:35  Marauder, Marine x2  
  191  15:36  Marauder  
  191  15:39  Ghost  
  195  15:53  Marine  
  187  15:59  Marine x3  
  187  16:00  Marauder x3, Marine x2  
  187  16:01  Marauder  
  200  16:10  Marine  
  200  16:14  Marine  
  200  16:20  Missile Turret  
  200  16:21  Missile Turret  
  200  16:28  Liberator  
  200  16:35  Liberator x2  
  186  16:41  Marine x2  
  186  16:42  Marauder  
  163  16:50  Marine x2  
  163  16:51  Marauder  
  176  16:54  Marine  
  176  16:55  Marauder  
  176  16:59  Ghost  
  181  17:03  Marine  
  181  17:06  Marine  
  177  17:10  Marine x2  
  177  17:11  Marauder  
  177  17:13  Liberator  
  152  17:16  Ghost x2  
  152  17:17  Marauder, Marine x2  
  152  17:21  Marine  
  159  17:24  Marine  
  159  17:28  Marine  
  159  17:29  Marauder  
  163  17:31  Ghost  
  163  17:36  Liberator  
  164  17:38  Marine x2  
  164  17:39  Marauder  
  164  17:42  Planetary Fortress  
  168  17:45  Marine  
  168  17:46  Marauder x2, Marine x2  
  168  17:50  Marauder  
  177  17:53  Viking x2  
  177  17:54  Marine  
  177  17:56  Liberator  
  185  18:00  Marauder  
  185  18:03  Marauder, Marine x2  
  188  18:07  Marine x2  
  188  18:08  Marauder, Missile Turret  
  188  18:12  Marauder, Marine x2  
  196  18:15  Marine  
  200  18:25  Command Center  
  200  18:38  Marine  
  200  18:46  Viking  
  200  18:47  Viking x2  
  187  18:59  Marauder, Marine x2  
  191  19:03  Marauder, Marine x2  
  191  19:04  Ghost  
  194  19:13  Ghost, Marine  
  194  19:14  Marine  
  194  19:15  Liberator  
  193  19:24  Ghost  
  193  19:30  Marine x2  
  192  19:31  Marauder  
  192  19:33  Marine x3  
  192  19:34  Marauder x2, Medivac  
  192  19:39  Starport, Orbital Command  
  192  19:40  Fusion Core  
  192  19:41  Refinery x2  
  192  19:42  Command Center  
  192  19:45  Marauder, Marine  
  195  19:48  Marine  
  196  20:05  Marine x2  
  196  20:06  Marauder  
  200  20:10  Liberator  
  200  20:12  Marine  
  200  20:13  Marauder  
  199  20:23  Liberator  
  199  20:26  Marine  
  193  20:29  Starport Tech Lab  
  193  20:32  Marine  
  193  20:33  Marauder, Marine  
  193  20:34  Marine x3  
  193  20:35  Marauder  
  182  20:43  Liberator  
  182  20:48  Marine  
  177  20:53  Medivac x2  
  174  21:00  Advanced Ballistics  
  174  21:04  Marauder, Marine x3  
  137  21:08  Marine x2  
  137  21:10  Medivac  
  144  21:12  Marine x2  
  144  21:17  Liberator  
  146  21:19  Orbital Command  
  141  21:32  Marauder x3, Marine x4  
  125  21:33  Medivac  
  125  21:34  Medivac, Marine x2  
  125  21:35  Marauder  
  124  21:40  SCV x2  
  119  21:55  Marine x3  
  119  21:56  Marauder  
  124  22:07  Marauder  
  124  22:08  Engineering Bay  
  126  22:10  Marauder  
  126  22:15  Marine  
  129  22:21  Marauder, Marine x2  
  129  22:22  Marauder  
  135  22:24  Marine  
  135  22:29  Marine  
  138  22:34  Marine  
  138  22:35  Marauder, Marine  
  143  22:37  Planetary Fortress  
  143  22:41  Missile Turret  
  141  22:54  Marauder, Marine x2  
  141  22:56  Ghost  
  146  23:05  Marine  
  147  23:15  Supply Depot  
  147  23:16  Supply Depot  
  147  23:21  Ghost, Marine x2  
  147  23:22  Marauder  
  149  23:34  Marine  
  149  23:35  Marauder, Marine  
  127  23:50  Liberator x3  
  127  23:51  Liberator  
  127  23:54  Marauder, Marine x3  
  127  23:55  Marauder  
  122  23:58  Marauder x2, Marine x3  
  116  24:05  Liberator  
  116  24:06  Marine  
  126  24:12  Marine  
  126  24:14  Orbital Command, SCV  
  128  24:19  Marine x2  
  128  24:21  SCV x2  
  128  24:23  Marine  
  136  24:28  Marine  
  136  24:29  Marine x2  
  138  24:35  Marauder  
  138  24:36  Marine  
  138  24:37  Marauder  
  141  24:50  Marine x3  
  141  24:51  Marauder x2, Marine  
  145  24:53  SCV  
  145  24:55  Marine x2  
  141  25:09  Marine  
  141  25:10  Marauder, Marine  
  141  25:13  Marine x2  
  141  25:14  Marauder  
  142  25:16  Marauder, Marine  
  143  25:30  Marauder x2  
  143  25:35  Marine  
  148  25:37  Marauder, Marine x2  
  152  25:44  Marine x2  
  152  25:45  Marauder  
  152  25:46  Marine  
  152  25:47  Marauder, Liberator  
  152  25:48  Orbital Command  
  124  25:53  Marine  
  124  25:54  Marauder  
  124  25:55  Liberator  
  124  25:56  Marine  
  118  25:58  Marine  
  121  26:04  SCV  
  121  26:07  Marine  
  120  26:18  Marauder, Marine  
  116  26:20  Marine  
  116  26:23  Liberator  
  116  26:25  Marine  
  119  26:28  Marine  
  119  26:31  Marine  
  119  26:32  SCV  
  124  26:38  SCV  
  120  26:45  Marauder x2  
  125  26:48  Marauder  
  125  26:52  Marauder  
  129  26:58  Marauder, SCV  
  129  27:00  Marine  
  129  27:01  Marine  
Tags
 
Add a new tag
Caveats
  • Supply blocks, unpowered buildings, or Contaminate may cause inaccurate times.
  • Supply counts are checked every 10 seconds.